 Dungeon Crawl Stone Soup version 0.14-a0-1844-g8283a67 (webtiles) character file.

7143 Econoterrorist the Cleaver (level 10, -8/94 HPs)
             Began as a Minotaur Berserker on Jan 12, 2014.
             Was a High Priest of Trog.
             Mangled by a six-headed hydra (9 damage)
             ... on Level 2 of the Lair of Beasts.
             The game lasted 00:51:35 (9587 turns).

Econoterrorist the Cleaver (Minotaur Berserker)     Turns: 9587, Time: 00:51:36

HP  -8/94        AC 16     Str 22      XL: 10   Next: 73%
MP   4/4         EV  8     Int  4      God: Trog [*****.]
Gold 488         SH 10     Dex 13      Spells:  0 memorised,  9 levels left

rFire  . . .     SeeInvis .     J - +1,+3 war axe
rCold  + . .     Clarity  .     e - +0 storm dragon armour
rNeg   . . .     Conserve .     P - +0 buckler
rPois  .         rCorr    .     (helmet restricted)
rElec  +         rRot     .     j - +0 cloak
SustAb + .       Spirit   .     (no gloves)
rMut   .         Warding  .     (no boots)
Saprov . . .     Stasis   .     D - amulet of rage
                                I - ring of sustain abilities
                                w - ring of protection from cold

@: somewhat resistant to hostile enchantments, extremely unstealthy
A: retaliatory headbutt, horns 2
a: Burn Spellbooks, Berserk, Trog's Hand, Brothers in Arms, Renounce Religion,
Evoke Berserk Rage


You were on level 2 of the Lair of Beasts.
You worshipped Trog.
Trog was extremely pleased with you.
You were not hungry.

You visited 2 branches of the dungeon, and saw 10 of its levels.
You also visited: Ossuary.

You collected 501 gold pieces.
You spent 13 gold pieces at shops.

Inventory:

Hand weapons
 J - a +1,+3 war axe (weapon)
 K - a +0,+0 war axe
Armour
 e - a +0 storm dragon armour (worn)
 j - a +0 cloak (worn)
 P - a +0 buckler (worn)
Magical devices
 h - a wand of draining (0)
 n - a wand of digging (4)
 y - a wand of fireball (1)
 L - a wand of magic darts (9)
 N - a wand of invisibility (4)
Comestibles
 a - 12 strawberries
 c - 2 bread rations
 B - 3 chunks of crocodile flesh
 M - 3 meat rations
Scrolls
 b - 4 scrolls of teleportation
 d - 3 scrolls of fear
 f - a scroll of identify
 l - 3 scrolls of magic mapping {unknown}
 m - a scroll of enchant weapon III {unknown}
 v - a scroll of blinking {unknown}
 x - a scroll of holy word {unknown}
 z - a scroll of noise {unknown}
 E - 2 scrolls of curse jewellery {unknown}
 F - a scroll of fog {unknown}
 G - a scroll of amnesia {unknown}
Jewellery
 w - a ring of protection from cold (left hand)
 A - an uncursed ring of protection from magic {unknown}
 D - an amulet of rage (around neck)
 I - a ring of sustain abilities (right hand)
Potions
 g - 2 potions of might {unknown}
 i - 3 potions of restore abilities
 k - 2 potions of heal wounds
 o - 4 potions of curing
 p - 3 potions of confusion {unknown}
 q - 4 potions of speed {unknown}
 r - a potion of magic {unknown}
 s - a potion of paralysis {unknown}
 t - 2 potions of resistance {unknown}
 u - a potion of brilliance {unknown}
 C - 3 potions of poison {unknown}


   Skills:
 + Level 10.7 Fighting
 + Level 12.2 Axes
 + Level 10.6 Armour
 - Level 3.0 Dodging
 - Level 5.0 Shields


You had 9 spell levels left.
You didn't know any spells.

Dungeon Overview and Level Annotations

Branches:
Dungeon (8/16)             Temple (0/1) D:4            Lair (2/8) D:8

Altars:
Cheibriados
Elyvilon
Fedhas
Makhleb
Yredelemnul

Shops:
D:6 *

Portals:
Volcano: Lair:1


Innate Abilities, Weirdness & Mutations

You reflexively headbutt those who attack you in melee.
You have a pair of horns on your head.


Message History

Something bites you but does no damage.
Your iron troll bites the giant frog!
The giant frog dies!
Trog accepts your collateral kill.
Your iron troll completely misses the butterfly.
Your iron troll misses the butterfly.
Your iron troll bites the butterfly!
The butterfly dies!
Something bites you.
* * * LOW HITPOINT WARNING * * *
Something bites you but does no damage. Something bites you.
* * * LOW HITPOINT WARNING * * *
Something bites you but does no damage. Something bites you!
* * * LOW HITPOINT WARNING * * *
Something bites you but does no damage. Something bites you!
* * * LOW HITPOINT WARNING * * *
Something bites you!
You die...

#...............####### #...
.....#............####..####..
...##.....................P##..
... .................#.........
.. ............................
. ............................
..........................#
##...................##
##...@{..#####..#...# ##..T..##
##..##.## #......# ##.##..#
##......##########.##
##f........#.#.####.##
#.f...................
##.....................
#...#..................
#PP.#.....#...f.##fP....


You could see a friendly iron troll (berserk).

Vanquished Creatures
  The ghost of Mygna the Conjurer, an experienced DEFE of Sif Muna (D:8)
  A spiny frog (Lair:1)
  2 komodo dragons
  Grinder (D:3)
  8 yaks (Lair:1)
  A manticore (D:8)
  A phantom (D:7)
  3 porcupines (Lair:1)
  An orc warrior (D:5)
  4 ogres
  A sky beast (D:8)
  A black bear (Lair:1)
  2 centaurs (D:6)
  An ice beast (D:7)
  Sigmund (D:3)
  Duvessa (D:4)
  2 crocodiles
  A giant slug (Lair:1)
  2 giant frogs
  A water moccasin (Lair:1)
  3 agate snails (Lair:1)
  5 wights (D:6)
  A hippogriff skeleton (D:5)
  2 killer bees (D:8)
  2 crimson imps
  2 goliath beetles
  Dowan (D:4)
  2 jellies (D:5)
  7 hounds
  A giant frog skeleton (D:6)
  A giant frog zombie (D:8)
  An orc priest (D:5)
  3 iguanas
  5 worker ants
  An orc wizard (D:8)
  2 orange rats (D:5)
  4 big kobold zombies
  4 mummies (Ossuary)
  2 worker ant zombies (D:5)
  4 gnolls (D:4)
  7 green rats (D:5)
  An inept feature mimic (D:2)
  12 adders
  2 giant mites
  5 worms
  An adder zombie (D:5)
  A giant eyeball (D:6)
  3 giant geckos
  3 oozes
  23 orcs
  A bat skeleton (D:5)
  5 giant cockroaches
  20 goblins
  5 grey rats (D:5)
  9 hobgoblins
  A ball python (D:2)
  19 bats
  2 giant newts
  A giant newt skeleton (D:5)
  A goblin skeleton (D:4)
  2 hobgoblin zombies (Ossuary)
  4 jackals (D:5)
  12 kobolds
  A kobold skeleton (D:4)
  6 quokkas
  33 rats
  A ballistomycete (D:6)
  2 plants (D:8)
272 creatures vanquished.

Vanquished Creatures (collateral kills)
  A giant frog (Lair:2)
  A butterfly (Lair:2)
2 creatures vanquished.

Vanquished Creatures (others)
  A giant spore (D:6)
  2 plants (D:8)
3 creatures vanquished.

Grand Total: 277 creatures vanquished

Notes
Turn   | Place    | Note
--------------------------------------------------------------
     0 | D:1      | Econoterrorist, the Minotaur Berserker, began the quest for the Orb.
     0 | D:1      | Reached XP level 1. HP: 19/19 MP: 1/1
   255 | D:1      | Reached skill level 4 in Axes
   321 | D:1      | Reached XP level 2. HP: 21/26 MP: 1/1
   417 | D:1      | Acquired Trog's second power
   825 | D:2      | Reached skill level 5 in Axes
   842 | D:2      | Reached XP level 3. HP: 28/31 MP: 2/2
   914 | D:2      | Found a burning altar of Makhleb.
   919 | D:2      | Found a basalt altar of Yredelemnul.
   922 | D:2      | Found a white marble altar of Elyvilon.
  1424 | D:3      | Reached XP level 4. HP: 36/39 MP: 2/2
  1433 | D:3      | Reached skill level 6 in Axes
  1475 | D:3      | Noticed Grinder
  1484 | D:3      | Paralysed by Grinder for 7 turns
  1490 | D:3      | HP: 1/39 [Grinder/nerve-wracking pain (4)]
  1493 | D:3      | Killed Grinder
  1493 | D:3      | Reached skill level 8 in Axes
  1493 | D:3      | Reached XP level 5. HP: 1/45 MP: 2/2
  1493 | D:3      | Reached XP level 6. HP: 1/51 MP: 3/3
  1831 | D:3      | Noticed Sigmund
  2003 | D:3      | Killed Sigmund
  2228 | D:3      | Found a blossoming altar of Fedhas.
  2235 | D:3      | Reached skill level 9 in Axes
  2568 | D:4      | Found a staircase to the Ecumenical Temple.
  2572 | D:4      | Reached XP level 7. HP: 44/59 MP: 3/3
  2816 | D:4      | Reached skill level 5 in Fighting
  2905 | D:4      | Found a sand-covered staircase.
  2910 | Ossuary  | Entered an ossuary
  3248 | Ossuary  | Reached skill level 5 in Armour
  3507 | D:4      | Noticed Dowan
  3508 | D:4      | Noticed Duvessa
  3517 | D:4      | Killed Dowan
  3520 | D:4      | Reached XP level 8. HP: 70/70 MP: 3/3
  3521 | D:4      | Killed Duvessa
  3651 | D:5      | Entered Level 5 of the Dungeon
  3958 | D:5      | Acquired Trog's third power
  5065 | D:6      | Found Plaunun's General Store.
  5085 | D:6      | Bought a scroll of random uselessness for 13 gold pieces
  5390 | D:6      | Reached skill level 10 in Axes
  5469 | D:6      | Reached XP level 9. HP: 64/81 MP: 4/4
  5688 | D:6      | Found a snail-covered altar of Cheibriados.
  7138 | D:8      | Noticed Mygna's ghost (experienced DEFE)
  7151 | D:8      | Killed Mygna's ghost
  7151 | D:8      | Reached skill level 11 in Axes
  7517 | D:8      | Found a staircase to the Lair.
  7949 | Lair:1   | Entered Level 1 of the Lair of Beasts
  7949 | Lair:1   | Noticed a spiny frog
  7956 | Lair:1   | Reached XP level 10. HP: 66/91 MP: 4/4
  7958 | Lair:1   | Killed a spiny frog
  8633 | Lair:1   | Reached skill level 10 in Fighting
  8770 | Lair:1   | Reached skill level 5 in Shields
  8802 | Lair:1   | Got an ancient falchion
  8803 | Lair:1   | Identified the cursed -1,+0 falchion of Checks and Balances {slice, SInv} (You found it on level 1 of the Lair of Beasts)
  8828 | Lair:1   | Reached skill level 10 in Armour
  8834 | Lair:1   | Reached skill level 12 in Axes
  9213 | Lair:1   | Found a dark tunnel.
  9561 | Lair:2   | Noticed a six-headed hydra
  9587 | Lair:2   | HP: 1/94 [something (10)]
  9587 | Lair:2   | Mangled by a six-headed hydra

Action                   |  1- 3 |  4- 6 |  7- 9 | 10-12 || total
-------------------------+-------+-------+-------+-------++-------
Melee: Hand axe          |    79 |    60 |   408 |       ||   547
       War axe           |       |       |   145 |   140 ||   285
Invok: Berserk           |       |     1 |     4 |     1 ||     6
       Burn Spellbooks   |       |       |     2 |       ||     2
       Trog's Hand       |       |       |     1 |       ||     1
       Brothers in Arms  |       |       |       |     1 ||     1
Evoke: Wand              |       |       |     6 |     2 ||     8
  Use: Scroll            |       |     2 |     9 |     1 ||    12
